 Dungeon Crawl Stone Soup version 0.27-a0-1181-g5f64966fcc (webtiles) character file.

Game seed: 7409044331237120393

53 wakim the Sneak (level 4, 0/24 (27) HPs)
             Began as a Kobold Brigand on May 17, 2021.
             Slain by Robin
             ... wielding a +3 spear of flaming
              (2 damage)
             ... on level 2 of the Dungeon.
             The game lasted 00:03:59 (2036 turns).

wakim the Sneak (Kobold Brigand)                    Turns: 2036, Time: 00:04:00

HP:   0/24 (27)     AC:  3    Str:  8    XL:     4   Next: 10%
MP:   4/4           EV: 15    Int: 12    God:
Gold: 9             SH:  0    Dex: 17    Spells: 3/3 levels left

rFire    . . .     SeeInvis .   a - +2 dagger
rCold    . . .     Faith    .   (shield restricted)
rNeg     . . .     Spirit   .   j - +0 robe
rPois    .         Reflect  .   (no helmet)
rElec    .         Harm     .   c - +0 cloak
rCorr    .         Rampage  .   (no gloves)
Will     .....                  (no boots)
Stlth    ++++......             (no amulet)
HPRegen  0.08/turn              (no ring)
MPRegen  0.09/turn              (no ring)

@: heavily drained
A: small, no large weapons, nightstalker 3
a: no special abilities


You were on level 2 of the Dungeon.
You visited 1 branch of the dungeon, and saw 2 of its levels.

You collected 28 gold pieces.
You spent 19 gold pieces at shops.

Inventory:

Hand Weapons
 a - a +2 dagger (weapon)
 b - a +0 dagger of draining
Missiles
 d - 8 poisoned darts (quivered)
 e - 2 curare-tipped darts {=f}
Armour
 c - a +0 cloak (worn)
 j - a +0 robe (worn)
Potions
 f - a potion of curing {unknown}
 g - a potion of might {unknown}
 h - a potion of heal wounds {unknown}
 i - a potion of magic {unknown}
 L - 2 potions of lignification {!q}


   Skills:
 + Level 2.7 Fighting
 * Level 3.8 Short Blades
 - Level 2.1 Throwing
 * Level 2.5 Dodging
 + Level 5.6 Stealth


You had 3 spell levels left.
You didn't know any spells.
Your spell library contained the following spells:

 Spells                   Type           Power      Damage    Failure   Level
 Summon Small Mammal      Summ           0%         N/A       32%         1
 Call Imp                 Summ           0%         N/A       45%         2
 Call Canine Familiar     Summ           0%         N/A       69%         3
 Summon Guardian Golem    Hex/Summ       0%         N/A       69%         3
 Summon Ice Beast         Ice/Summ       0%         N/A       97%         4
 Summon Lightning Spire   Summ/Air       0%         N/A       97%         4


Dungeon Overview and Level Annotations

Branches:
Dungeon (2/15)

Altars:
Cheibriados

Shops:
D:2 *

Annotations:
D:2 Robin


Innate Abilities, Weirdness & Mutations

You are small and have problems with some larger weapons.
You are completely attuned to the shadows.


Message History

You barely miss the goblin.
The goblin is severely wounded.
The goblin hits you but does no damage.
You barely miss the goblin.
The goblin is severely wounded.
The goblin misses you.
You closely miss the goblin.
The goblin is severely wounded.
You barely miss the goblin.
The goblin is severely wounded.
The goblin barely misses you.
You hit the goblin.
You kill the goblin!
You see here a +0 dagger.
HP restored.
Done exploring.
Adjust (i)tems, (s)pells, or (a)bilities?
j - a +0 dagger of draining Adjust to which letter? (? for menu, Esc to quit)
b - a +0 dagger of draining;
j - a +0 robe (worn)
There is a stone staircase leading down here.
You climb downwards.
Level annotation: Robin
There is a stone staircase leading up, spattered with blood here.
Robin hits you with a +3 spear of flaming.
Robin burns you.
You closely miss Robin.
Robin hits you with a +3 spear of flaming.
Robin burns you.
* * * LOW HITPOINT WARNING * * *
Robin hits you from afar with a +3 spear of flaming.
* * * LOW HITPOINT WARNING * * *
Robin burns you.
* * * LOW HITPOINT WARNING * * *
There is a stone staircase leading up, spattered with blood here.
Robin points. "Kill!"
Robin hits you from afar with a +3 spear of flaming.
* * * LOW HITPOINT WARNING * * *
Robin burns you.
You die...

##########.# #...# #.#
##..# #.# #..# ##### #.#
#..# ....# #.# #..# ###.#
#.# #..# ###.### #.# #..#
......# #######g#####.##
###.#.# #....@........#
###.#.# ##.....#######.#
#..#.#####.......# #.#
#.##.............# #.#
#.########.......# #.#
##.#.............## #.#
##.#.########....#######.#
.........................#
##.#.#####################


You could see Robin.

Vanquished Creatures
  A dart slug (D:1)
  4 bats
  4 endoplasms (D:1)
  A giant cockroach (D:2)
  8 goblins
  6 hobgoblins
  8 jackals (D:1)
  4 ball pythons
  5 frilled lizards
  2 rats (D:1)
43 creatures vanquished.

Notes
Turn   | Place    | Note
-------+----------+-------------------------------------------
     0 | D:1      | wakim the Kobold Brigand began the quest for the Orb.
     0 | D:1      | Reached XP level 1. HP: 12/12 MP: 1/1
    76 | D:1      | Reached XP level 2. HP: 11/17 MP: 2/2
   447 | D:1      | Reached XP level 3. HP: 19/22 MP: 3/3
  1585 | D:2      | Found Biratu's Assorted Antiques.
  1590 | D:2      | Bought a scroll labelled YRRIL XAEHOINN for 19 gold pieces
  1794 | D:2      | Found a snail-covered altar of Cheibriados.
  1805 | D:2      | Noticed Robin
  1859 | D:2      | Reached XP level 4. HP: 25/27 MP: 4/4
  2036 | D:2      | Slain by Robin

Illustrated notes

Levels and vault maps discovered:
D:1:      heliophobic_arrival_dark_side_of_the_moon, layout_rooms,
          kennysheep_doodads
D:2:      layout_loops_ring, serial_shops, shop, basic_altar,
          basic_ecumenical_altar, uniq_robin

Skill      XL: |  1  2 |
---------------+-------+-----
Short Blades   | 3 |  3.8
Dodging        | 2 |  2.5
Fighting       | |  2.7
Throwing       | |  2.1
Stealth        | |  5.6

Action                   |  1- 3 |  4- 6 || total
-------------------------+-------+-------++-------
Melee: Dagger            |   142 |    14 ||   156
  Use: Scroll            |     4 |       ||     4
 Stab: Sleeping          |     9 |       ||     9
Armor: Robe              |    28 |     4 ||    32
Dodge: Dodged            |    91 |    10 ||   101

Table legend: (Time is in decaauts)
 A = Elapsed time spent in this place.
 B = Non-inter-level travel time spent in this place.
 C = Inter-level travel time spent in this place.
 D = Time resting spent in this place.
 E = Time spent auto-exploring this place.
 F = Levels seen in this place.
 G = Mean time per level.
                   A        B        C        D        E       F      G
               +--------+--------+--------+--------+--------+-----+--------+
         Total |   2010 |   1992 |     18 |      0 |   1654 |   2 | 1005.0 |
       Dungeon |   2010 |   1992 |     18 |      0 |   1654 |   2 | 1005.0 |
               +--------+--------+--------+--------+--------+-----+--------+

Top non-repeatable levels by time:
     D:1: 1375 daAuts
     D:2: 634 daAuts
